 Dungeon Crawl Stone Soup version 0.29-a0-847-g24c0ca63c9 (webtiles) character file.

Game seed: 8888528086077714197

1453 Malachi the Cleaver (level 8, -12/64 HPs)
             Began as a Hill Orc Fighter on July 16, 2022.
             Was a Follower of Beogh.
             Killed from afar by Maggie (25 damage)
             ... with a bolt of fire
             ... on level 7 of the Dungeon.
             The game lasted 00:08:07 (6708 turns).

Malachi the Cleaver (Hill Orc Fighter)              Turns: 6708, Time: 00:08:08

Health: -12/64     AC: 11    Str: 22 (24) XL:     8   Next: 76%
Magic:  8/8        EV:  7    Int: 11 (12) God:    Beogh [*.....]
Gold:   277        SH:  9    Dex:  6 (9)  Spells: 7/7 levels left

rFire   . . .      SeeInvis .   d - +0 hand axe (flame)
rCold   . . .      Faith    .   c - +0 buckler
rNeg    + + .      Spirit   .   b - +1 chain mail of Daisies {rN++ Str+4}
rPois   .          Reflect  +   (no helmet)
rElec   .          Harm     .   (no cloak)
rCorr   .          Rampage  .   v - +0 pair of gloves
Will    .....                   (no boots)
Stlth   ..........              w - amulet of reflection
HPRegen 1.00/turn               (no ring)
MPRegen 0.11/turn               (no ring)

@: brilliant, silenced, attractive, flying, hasted (expiring), very quick
A: clever 1, regeneration 1, MP-powered wands, noise suppression
a: Renounce Religion


You were on level 7 of the Dungeon.
You worshipped Beogh.
Beogh was aware of your devotion.
You visited 1 branch of the dungeon, and saw 7 of its levels.

You collected 277 gold pieces.

Inventory:

Hand Weapons
 a - a +0 war axe
 d - a +0 hand axe of flaming (weapon)
 g - a +1 spear of flaming
Missiles
 u - a throwing net (quivered)
Armour
 b - the +1 chain mail of Daisies (worn) {rN++ Str+4}
   (You found it on level 6 of the Dungeon)

   Str:       It affects your strength (+4).
   rN:        It greatly protects you from negative energy.
 c - a +0 buckler (worn)
 v - a +0 pair of gloves (worn)
Jewellery
 w - an amulet of reflection (around neck)
 B - a ring of resist corrosion
Wands
 l - a wand of digging (7)
Scrolls
 f - 2 scrolls of blinking
 h - 5 scrolls of teleportation
 m - 2 scrolls of vulnerability
 n - 2 scrolls of enchant armour
 o - a scroll of summoning
 t - a scroll of immolation
 x - a scroll of fog {unknown}
 y - 2 scrolls of noise {unknown}
Potions
 e - a potion of haste
 s - 2 potions of degeneration
 z - 2 potions of curing


   Skills:
 - Level 3.6 Fighting
 + Level 13.8 Axes
 - Level 3.2 Armour
 - Level 3.2 Shields


You had 7 spell levels left.
You didn't know any spells.
Your spell library contained the following spells:

 Spells                   Type           Power      Damage    Failure   Level
 Ignite Poison            Fire/Tmut/Pois 0%         N/A       100%        3
 Mephitic Cloud           Conj/Pois/Air  0%         N/A       100%        3
 Corpse Rot               Necr/Pois/Air  0%         N/A       100%        4
 Freezing Cloud           Conj/Ice/Air   0%         6-21      100%        5
 Lightning Bolt           Conj/Air       0%         1d11      100%        5
 Malign Gateway           Summ/Tloc      0%         N/A       100%        7


Dungeon Overview and Level Annotations

Branches:
Dungeon (7/15)             Temple (0/1) D:6

Altars:
Elyvilon
Gozag
Hepliaklqana
Kikubaaqudgha
Makhleb
Okawaru
Qazlal
Ru

Shops:
D:6 =

Annotations:
D:7 2 runed translucent doors, Maggie


Innate Abilities, Weirdness & Mutations

Your mind is acute. (Int +4, Str/Dex -1)
Your natural rate of healing is unusually fast.
You expend magic power (3 MP) to strengthen your wands.
You passively dampen the noise of your surroundings.


Message History

You begin to heal more quickly.
You feel your surroundings grow quieter.
You feel clever. You block the water moccasin's attack.
You block Maggie's attack.
A wight comes into view. It is wielding a +4 great sword.
It was a potion of flight.
You feel very buoyant.
You fly up into the air.
The water moccasin bites you.
* * * LOW HITPOINT WARNING * * *
It was a potion of magic.
Magic courses through your body. Maggie barely misses you.
The water moccasin bites you but does no damage.
It was a potion of attraction.
You feel attractive to monsters.
The water moccasin completely misses you.
Maggie hits you with a +1 broad axe of flaming.
* * * LOW HITPOINT WARNING * * *
Maggie burns you.
* * * LOW HITPOINT WARNING * * *
It was a potion of degeneration.
There was something very wrong with that liquid.
You feel weakened.
You feel dopey.
You feel clumsy. You block the water moccasin's attack.
Unknown command.
You block Maggie's attack.
The wight hits you with a +4 great sword.
* * * LOW HITPOINT WARNING * * *
Unknown command.
You block the water moccasin's attack. The wight is attracted toward you.
Magic scrolls do not work when you're silenced!
A necrophage comes into view.
The necrophage is attracted toward you.
The water moccasin bites you but does no damage.
Maggie is attracted toward you. The wight is attracted toward you.
The necrophage is attracted toward you.
Your extra speed is starting to run out.
The necrophage barely misses you. Maggie casts a spell at you.
The bolt of fire hits you!!
You die...

.... ..+..!.[..#
....8####8.......##.#
#.....§....†......#.#
>....##.........#.#.#
... #...§.....#...# .
# #..§......#...##..
#....@n...#......#
#...Sz..§.....#
#......@..§...##
##########.....#
#...#.# #####...# #
#<......# ###'##....#
#....#....#
#....##...#
#....##...#


You could see Maggie, a water moccasin, a necrophage and a wight.

Vanquished Creatures
  2 sky beasts
  2 black bears
  An ogre (D:5)
  A centaur (D:7)
  A phantom (D:6)
  2 necrophages
  A scorpion (D:6)
  A wight (D:7)
  2 howler monkeys (D:7)
  A hound (D:4)
  A jelly (D:3)
  2 orc priests
  2 iguanas
  4 orc wizards
  7 adders
  3 gnolls (D:3)
  2 white imps
  5 worms
  8 dart slugs
  12 orcs
  3 bats
  6 endoplasms
  3 giant cockroaches
  4 goblins
  8 hobgoblins
  3 jackals (D:4)
  7 quokkas
  7 ball pythons
  A frilled lizard (D:3)
  3 kobolds
  4 rats (D:1)
  A spectral orc (D:5)
110 creatures vanquished.

Vanquished Creatures (others)
  An orc wizard (D:5)
  A dart slug (D:4)
  A jackal (D:4)
3 creatures vanquished.

Grand Total: 113 creatures vanquished

Notes
Turn   | Place    | Note
-------+----------+-------------------------------------------
     0 | D:1      | Malachi the Hill Orc Fighter began the quest for the Orb.
     0 | D:1      | Reached XP level 1. HP: 19/19 MP: 1/1
    35 | D:1      | Reached skill level 3 in Axes
   119 | D:1      | Reached XP level 2. HP: 26/26 MP: 2/2
   279 | D:1      | Reached skill level 4 in Axes
   420 | D:1      | Found a faded altar of an unknown god.
   452 | D:1      | Reached XP level 3. HP: 22/31 MP: 3/3
   720 | D:1      | Got the Spellbook of Called Air
  1392 | D:2      | Reached skill level 5 in Axes
  1658 | D:3      | Reached XP level 4. HP: 39/39 MP: 4/4
  1858 | D:3      | Reached skill level 6 in Axes
  1933 | D:3      | Reached XP level 5. HP: 36/45 MP: 5/5
  2162 | D:3      | Reached skill level 7 in Axes
  2224 | D:3      | Reached skill level 8 in Axes
  2224 | D:3      | Reached XP level 6. HP: 46/51 MP: 6/6
  3145 | D:4      | Found a sacrificial altar of Ru.
  3245 | D:4      | Reached skill level 9 in Axes
  3255 | D:4      | Found an ancient bone altar of Kikubaaqudgha.
  3297 | D:4      | Found a stormy altar of Qazlal.
  3341 | D:4      | Became a worshipper of Beogh the Brigand
  3554 | D:4      | Found a burning altar of Makhleb.
  3694 | D:5      | Entered Level 5 of the Dungeon
  3846 | D:5      | Found a white marble altar of Elyvilon.
  4192 | D:5      | Reached XP level 7. HP: 14/57 MP: 7/7
  4637 | D:5      | Reached skill level 10 in Axes
  4897 | D:5      | Found a hazy altar of Hepliaklqana.
  5225 | D:6      | Found a staircase to the Ecumenical Temple.
  5231 | D:6      | Reached skill level 11 in Axes
  5235 | D:6      | Reached * piety under Beogh
  5506 | D:6      | Reached XP level 8. HP: 54/64 MP: 8/8
  5731 | D:6      | Found Hafel's Jewellery Shoppe.
  5930 | D:6      | Reached skill level 12 in Axes
  5932 | D:6      | Identified the +1 chain mail of Daisies {rN++ Str+4}
  6121 | D:6      | Found an opulent altar of Gozag.
  6427 | D:6      | Found an iron altar of Okawaru.
  6638 | D:7      | Found a large runed translucent door.
  6638 | D:7      | Found a large runed translucent door.
  6659 | D:7      | Noticed Maggie
  6666 | D:7      | Reached skill level 13 in Axes
  6697 | D:7      | Gained mutation: You expend magic power (3 MP) to
                  | strengthen your wands. [potion of mutation]
  6697 | D:7      | Gained mutation: Your natural rate of healing is unusually
                  | fast. [potion of mutation]
  6697 | D:7      | Gained mutation: You passively dampen the noise of your
                  | surroundings. [potion of mutation]
  6697 | D:7      | Gained mutation: Your mind is acute. (Int +4, Str/Dex -1)
                  | [potion of mutation]
  6708 | D:7      | Killed from afar by Maggie

Illustrated notes

Levels and vault maps discovered:
D:1:      minmay_arrival_open_corners, layout_loops_corners,
          shapermc_ecumenical_altar_flowoftime
D:2:      layout_loops_ring, minmay_octomino_c4
D:3:      layout_loops_cross
D:4:      layout_cave_pools, mainiacjoe_overflow_brackets,
          lemuel_coloured_pillars_altar, mainiacjoe_overflow_alcove_1,
          mainiacjoe_overflow_surrounded_room
D:5:      layout_cave_pods, nicolae_hepliaklqana_monster_ancestors,
          elyvilon_altar_3
D:6:      layout_basic, mainiacjoe_overflow_six_doors_small,
          mainiacjoe_overflow_paths, minmay_temple_entry_ruins, serial_shops,
          shop, serial_rivers, chequers_serial_rivers_large_b,
          chequers_serial_rivers_small_a, chequers_serial_rivers_large_a,
          chequers_serial_rivers_small_a, chequers_serial_rivers_room_a,
          chequers_serial_rivers_small_b
D:7:      layout_basic, jmf_multi_god_temple2, uniq_maggie

Skill      XL: |  1  2  3  4  5  6  7  8 |
---------------+-------------------------+-----
Axes           | 3 4 5 6 8 9 11 13 | 13.8
Fighting       | |  3.6
Armour         | |  3.2
Shields        | |  3.2

Action                   |  1- 3 |  4- 6 |  7- 9 || total
-------------------------+-------+-------+-------++-------
Melee: War axe           |    30 |    11 |    97 ||   138
       Spear             |    81 |   239 |       ||   320
       Hand axe          |       |       |    42 ||    42
Invok: Convert to Beogh  |       |     1 |       ||     1
  Use: Potion            |       |     4 |    11 ||    15
       Scroll            |       |       |     8 ||     8
Armor: Scale mail        |    27 |    93 |       ||   120
       Chain mail        |       |       |    57 ||    57
Dodge: Dodged            |    36 |    66 |    37 ||   139
Block: Buckler           |    16 |    71 |    58 ||   145
       Reflection        |       |     5 |     1 ||     6

Table legend: (Time is in decaauts)
 A = Elapsed time spent in this place.
 B = Non-inter-level travel time spent in this place.
 C = Inter-level travel time spent in this place.
 D = Time resting spent in this place.
 E = Time spent auto-exploring this place.
 F = Levels seen in this place.
 G = Mean time per level.
                   A        B        C        D        E       F      G
               +--------+--------+--------+--------+--------+-----+--------+
         Total |   6743 |   6627 |    116 |   1155 |   4503 |   7 |  963.3 |
       Dungeon |   6743 |   6627 |    116 |   1155 |   4503 |   7 |  963.3 |
               +--------+--------+--------+--------+--------+-----+--------+

Top non-repeatable levels by time:
     D:5: 1525 daAuts
     D:6: 1458 daAuts
     D:3: 1384 daAuts
     D:1: 910 daAuts
     D:2: 755 daAuts
     D:4: 647 daAuts
     D:7: 61 daAuts
